 Dungeon Crawl Stone Soup version 0.26-a0-542-gbaa144ba5c (webtiles) character file.

Game seed: 13846663682558924013

117735 Libelnon the Thaumaturge (level 17, -20/120 HPs)
             Began as a Human Hedge Wizard on Aug 17, 2020.
             Was a High Priest of Sif Muna.
             Killed from afar by a deep elf knight (43 damage)
             ... with a shard of ice
             ... on level 1 of the Elven Halls on Aug 18, 2020.
             The game lasted 04:29:42 (36257 turns).

Libelnon the Thaumaturge (Human Hedge Wizard)      Turns: 36257, Time: 04:29:42

Health: -20/120    AC: 13    Str: 11      XL:     17   Next: 29%
Magic:  10/43      EV: 18    Int: 24 (25) God:    Sif Muna [*****.]
Gold:   3165       SH:  0    Dex: 18 (19) Spells: 5/43 levels left

rFire    + + +     SeeInvis .   p - staff of fire
rCold    . . .     Faith    .   (no shield)
rNeg     . . .     Spirit   .   A - +5 robe "Iprailuw" {Slay+3}
rPois    +         Reflect  .   a - +1 hat
rElec    +         Harm     .   G - +0 cloak
rCorr    .                      w - +2 pair of gloves of Qusico Boad {*Corrode rPois rF++ Dex+4}
MR       +....                  j - +0 pair of boots {Fly}
Stlth    ++........             M - amulet of magic regeneration
HPRegen  0.30/turn              (no ring)
MPRegen  0.53/turn              J - ring of Zuvocsam {+Inv rElec rF+ MP+9 Int+6}

@: flying
A: antennae 1, deterioration 1, fire resistance 1, sturdy frame 1
a: Channel Magic, Forget Spell, Divine Exegesis, Renounce Religion, Evoke
Invisibility, Stop Flying


You were on level 1 of the Elven Halls.
You worshipped Sif Muna.
Sif Muna was extremely pleased with you.
You visited 5 branches of the dungeon, and saw 22 of its levels.
You also visited: Trove, Sewer, Ossuary, Bailey, Gauntlet and Volcano.

You collected 5617 gold pieces.
You spent 2452 gold pieces at shops.

Inventory:

Hand Weapons
 n - a +2 spectral quarterstaff
Armour
 a - a +1 hat (worn)
 j - a +0 pair of boots of flying (worn)
 w - the +2 pair of gloves of Qusico Boad (worn) {*Corrode rPois rF++ Dex+4}
   (You acquired it on level 3 of the Lair of Beasts)

   It affects your dexterity (+4).
   It greatly protects you from fire.
   It protects you from poison.
   It may corrode you when you take damage.
 A - the +5 robe "Iprailuw" (worn) {Slay+3}
   (You found it in a Gauntlet)

   It affects your accuracy and damage with ranged weapons and melee attacks
   (+3).
 G - a +0 cloak (worn)
Magical Staves
 p - an uncursed staff of fire (weapon)
 P - an uncursed staff of conjuration
Jewellery
 i - an uncursed ring of protection from cold
 q - an uncursed ring of resist corrosion
 r - an uncursed ring of see invisible
 v - an uncursed ring of fire
 B - an uncursed ring of flight
 F - an uncursed ring of protection from magic
 J - the ring of Zuvocsam (right hand) {+Inv rElec rF+ MP+9 Int+6}
   (You bought it in a shop on level 8 of the Dungeon)

   [ring of protection from fire]

   It affects your intelligence (+6).
   It protects you from fire.
   It insulates you from electricity.
   It affects your magic capacity (+9).
   It lets you turn invisible.
 M - an amulet of magic regeneration (around neck)
Wands
 t - a wand of iceblast (10)
 E - a wand of flame (34)
 H - a wand of polymorph (19)
 I - a wand of digging (4)
 L - a wand of disintegration (3)
 N - a wand of enslavement (3)
 Y - a wand of acid (25)
Scrolls
 d - 5 scrolls of amnesia
 g - 2 scrolls of magic mapping
 h - a scroll of teleportation
 m - 9 scrolls of remove curse
 o - 2 scrolls of identify
 s - 2 scrolls of fear
 y - 2 scrolls of fog
 z - 3 scrolls of immolation
 R - 3 scrolls of vulnerability
 U - a scroll of silence
 V - a scroll of torment
 W - a scroll of blinking
 X - 4 scrolls of holy word
Potions
 c - 5 potions of stabbing
 e - a potion of cancellation
 k - 7 potions of might
 l - 5 potions of haste
 u - 9 potions of curing
 x - 3 potions of flight
 C - a potion of brilliance
 K - 2 potions of berserk rage
 O - 2 potions of invisibility
 Q - 3 potions of ambrosia
 T - 7 potions of lignification
 Z - 2 potions of magic
Miscellaneous
 b - a lightning rod (4/4)


   Skills:
 - Level 7.2 Fighting
 - Level 5.4 Staves
 - Level 8.0 Dodging
 - Level 3.0 Stealth
 + Level 13.8 Spellcasting
 - Level 9.0 Conjurations
 - Level 6.3 Hexes
 - Level 4.8 Summonings
 - Level 6.3 Translocations
 - Level 7.6 Fire Magic
 - Level 5.0 Air Magic
 - Level 9.1 Invocations
 - Level 10.0 Evocations


You had 5 spell levels left.
You knew the following spells:

 Your Spells              Type           Power        Failure   Level
a - Magic Dart            Conj           ####         1%          1
b - Blink                 Tloc           N/A          1%          2
c - Call Imp              Summ           #####...     1%          2
d - Slow                  Hex            #####...     1%          2
e - Mephitic Cloud        Conj/Pois/Air  #####...     1%          3
f - Conjure Flame         Conj/Fire      ######..     1%          3
g - Inner Flame           Hex/Fire       ######..     1%          3
h - Iskenderun's Mystic   Conj/Tloc      ######..     1%          4
i - Sticky Flame          Conj/Fire      ######..     1%          4
j - Airstrike             Air            #####.....   4%          4
k - Starburst             Conj/Fire      ######....   19%         6
l - Stone Arrow           Conj/Erth      #####.       1%          3
A - Apportation           Tloc           #####.       1%          1

Your spell library contained the following spells:

 Spells                   Type           Power        Failure   Level
 Corona                   Hex            #####..      1%          1
 Foxfire                  Conj/Fire      ####         1%          1
 Poisonous Vapours        Pois/Air       ####..       1%          2
 Dazzling Flash           Conj/Hex       ######       1%          3
 Gell's Gravitas          Tloc           #####.....   1%          3
 Lesser Beckoning         Tloc           #####.....   1%          3
 Portal Projectile        Hex/Tloc       #####.       1%          3
 Static Discharge         Conj/Air       ######..     1%          3
 Summon Guardian Golem    Hex/Summ       #####...     1%          3
 Tukima's Dance           Hex            #####...     1%          3
 Fulminant Prism          Conj/Hex       ######....   1%          4
 Cause Fear               Hex            #####.....   2%          4
 Passage of Golubria      Tloc           N/A          2%          4
 Beastly Appendage        Tmut           ###...       3%          1
 Sting                    Tmut/Pois      ###.         3%          1
 Wereblood                Tmut           ###.....     5%          2
 Lightning Bolt           Conj/Air       ######....   5%          5
 Leda's Liquefaction      Hex/Erth       ####......   10%         4
 Silence                  Hex/Air        #####.....   10%         5
 Summon Forest            Summ/Tloc      #####.....   10%         5
 Spider Form              Tmut/Pois      ###.......   11%         3
 Summon Ice Beast         Ice/Summ       ####....     13%         4
 Metabolic Englaciation   Hex/Ice        ####......   26%         5
 Animate Dead             Necr           ###.......   34%         4
 Ice Form                 Ice/Tmut       ###.....     34%         4
 Alistair's Intoxication  Tmut/Pois      ###......    69%         5
 Blade Hands              Tmut           ###.......   69%         5
 Borgnjor's Vile Clutch   Necr/Erth      ###.......   69%         5
 Lee's Rapid Deconstruct  Erth           ###.......   69%         5
 Invisibility             Hex            #####...     36%         6
 Dispersal                Tloc           #####.....   38%         6
 Freezing Cloud           Conj/Ice/Air   #####.....   63%         6
 Spellforged Servitor     Conj/Summ      #####.....   87%         7
 Malign Gateway           Summ/Tloc      #####.....   97%         7
 Death Channel            Necr           ###.......   99%         6
 Ozocubu's Refrigeration  Ice            ###.......   99%         6
 Simulacrum               Ice/Necr       ###.......   99%         6
 Statue Form              Tmut/Erth      ###......    99%         6
 Monstrous Menagerie      Summ           #####.....   99%         7
 Controlled Blink         Tloc           N/A          100%        8
 Disjunction              Tloc           #####.....   100%        8
 Summon Horrible Things   Summ           #####.....   100%        8


Dungeon Overview and Level Annotations

Branches:
Dungeon (12/15)            Temple (1/1) D:6            Lair (6/6) D:9
 Shoals (0/4) Lair:2        Snake (0/4) Lair:4        Slime (0/5) Lair:5
    Orc (2/2) D:12            Elf (1/3) Orc:2         Sewer (visited)
Ossuary (visited)          Bailey (visited)         Volcano (visited)
Gauntlet (visited)

Altars:
Ashenzari
Cheibriados
Dithmenos
Elyvilon
Fedhas
Gozag
Kikubaaqudgha
Makhleb
Nemelex Xobeh
Okawaru
Qazlal
Ru
Sif Muna
Trog
Uskayaw
Vehumet
Wu Jian
Xom
Yredelemnul
Zin
The Shining One
Beogh
Jiyva

Shops:
D:8 (==!   D:10 *[?**   D:12 [   Orc:2 [[![[:

Annotations:
Lair:2 Urug


Innate Abilities, Weirdness & Mutations

You have a pair of small antennae on your head.
Your body sometimes deteriorates upon taking damage.
Your flesh is heat resistant. (rF+)
Your movements are slightly less encumbered by armour. (ER -2)


Message History

The eight-headed hydra burns!
The eight-headed hydra bites you!
* * * LOW HITPOINT WARNING * * *
The eight-headed hydra closely misses you.
The eight-headed hydra misses you.
The eight-headed hydra closely misses you.
The eight-headed hydra bites you but does no damage. x2
The eight-headed hydra misses you.
The eight-headed hydra closely misses you.
The eight-headed hydra burns!
You see here 28 arrows.
The eight-headed hydra burns!
There is an open door here.
The eight-headed hydra burns!
The eight-headed hydra burns!
You kill the eight-headed hydra!
Sif Muna accepts your kill.
You hear some strange, mumbled words.
A shard of ice appears from out of thin air!
The shard of ice hits you!!!
You die...

# #.{#'# .# #
.# ####D# +# ##
#.# #.#
######## #.#
#(# #......#
#.###'#
.......#
#'..{## #..⌠..)
##.....##
.......#
#.......#
#+##......#
#....@).#
#.#########
+.....).# #.#
## ##...).##
#.# # ##...(##
#.# #
#####.####'###
# ##'#.....## #
##)......######
#..........).).
+>......))#####


You could see a six-headed hydra.

Vanquished Creatures
  A deep elf sorcerer (Elf:1)
  A stone giant (Volcano)
  A minotaur (Gauntlet)
  Erolcha (Orc:2)
  5 hydras
  2 catoblepae
  2 ogre magi (Orc:2)
  7 death yaks
  2 two-headed ogres
  3 deep elf knights (Elf:1)
  Nergalle (Orc:2)
  Sonja (Lair:4)
  An orc high priest (Orc:2)
  A glowing orange brain (Gauntlet)
  An unseen horror (D:12)
  An obsidian statue (Volcano)
  5 lindwurms
  An orc knight (Bailey)
  A harpy (Elf:1)
  3 ugly things
  A cyclops (D:12)
  7 orc sorcerers
  17 deep elf magi (Elf:1)
  An elephant (Lair:6)
  2 black mambas
  14 cane toads
  A torpor snail (Lair:4)
  2 molten gargoyles (Gauntlet)
  2 gargoyles (Gauntlet)
  Maggie (D:8)
  3 centaur skeletons
  A rime drake (Lair:6)
  An efreet (Volcano)
  3 komodo dragons
  A guardian mummy (D:11)
  4 red devils (Elf:1)
  7 hornets
  4 trolls
  Prince Ribbit (D:9)
  4 polar bears (Lair:6)
  6 hippogriffs
  7 blink frogs
  A dream sheep (Lair:6)
  2 redbacks (D:11)
  4 wyverns
  37 yaks
  14 spriggans (Lair:6)
  A vampire (D:12)
  2 basilisks
  7 fire bats (Volcano)
  A hog (shapeshifter) (D:12)
  A fire elemental (Volcano)
  2 wargs (D:9)
  3 nagas (Lair:4)
  9 water moccasins
  10 porcupines
  17 orc warriors
  3 ice beasts
  A sky beast (D:12)
  4 black bears (Lair:6)
  2 necrophages
  4 boggarts (Lair:6)
  10 ogres
  An eye of draining (D:12)
  A phantom (D:4)
  31 wolves
  4 centaurs
  8 crocodiles
  2 big kobolds
  15 bullfrogs
  A wyvern zombie (D:12)
  5 scorpions
  A water moccasin skeleton (D:9)
  4 killer bees (D:11)
  8 wights
  2 jellies
  2 bullfrog zombies (D:6)
  4 centaur zombies
  6 lava snakes (Volcano)
  A hound (D:12)
  12 orc priests
  A bullfrog skeleton (D:11)
  Jessica (D:3)
  5 iguanas
  Ijyb (D:2)
  6 worker ants
  32 orc wizards
  6 hell rats (Lair:4)
  2 hound skeletons
  3 mummies
  A howler monkey skeleton (D:11)
  10 adders
  A shadow imp (D:6)
  2 white imps
  3 ufetubi
  2 adder skeletons
  3 worms
  8 leopard geckos
  89 orcs
  6 giant cockroaches
  10 goblins
  11 hobgoblins
  18 jackals
  5 quokkas
  3 ball pythons
  5 bats
  10 frilled lizards
  A hobgoblin zombie (D:6)
  A jackal skeleton (D:6)
  21 kobolds
  2 leopard gecko skeletons
  An orc zombie (D:6)
  11 rats
  A fungus (Lair:6)
  5 plants
661 creatures vanquished.

Vanquished Creatures (collateral kills)
  Maurice (D:9)
  A black mamba (Lair:3)
  A cane toad (Lair:5)
  A troll (D:9)
  2 hippogriffs
  A dream sheep (Lair:6)
  2 redbacks (D:11)
  A wyvern (Lair:3)
  A yak (D:10)
  A steam dragon (D:8)
  3 water moccasins
  2 black bears (D:6)
  4 orc warriors
  2 ogres
  2 centaurs
  A crocodile (Lair:1)
  A bullfrog (Lair:3)
  A wight (D:7)
  A hound (D:3)
  A jelly (D:7)
  A bullfrog skeleton (D:7)
  2 orc priests
  An orc wizard (D:3)
  Terence (D:3)
  An iguana (D:7)
  2 worker ants
  A big kobold zombie (Ossuary)
  A hound zombie (D:7)
  2 mummies
  9 adders
  A worm (D:3)
  A dart slug (D:3)
  12 orcs
  A quokka (D:3)
  A bat (D:3)
  2 goblins (D:3)
  A hobgoblin zombie (Ossuary)
  2 kobolds (Sewer)
72 creatures vanquished.

Vanquished Creatures (others)
  A gargoyle (Volcano)
  An orc wizard (Orc:2)
  An orc (Orc:2)
  A bush (Lair:6)
  20 fungi
  6 plants
30 creatures vanquished.

Grand Total: 763 creatures vanquished

Notes
Turn   | Place    | Note
-------+----------+-------------------------------------------
     0 | D:1      | Libelnon the Human Hedge Wizard began the quest for the
                  | Orb.
     0 | D:1      | Reached XP level 1. HP: 13/13 MP: 4/4
   248 | D:1      | Reached XP level 2. HP: 19/19 MP: 3/6
   345 | D:1      | Learned a level 2 spell: Blink
   348 | D:1      | Learned a level 2 spell: Call Imp
   351 | D:1      | Learned a level 2 spell: Slow
   725 | D:1      | Reached XP level 3. HP: 20/24 MP: 2/7
  1097 | D:2      | Found a blossoming altar of Fedhas.
  1434 | D:2      | Found a burning altar of Makhleb.
  1435 | D:2      | Found a white marble altar of Elyvilon.
  1739 | D:3      | Reached skill level 1 in Hexes
  1797 | D:3      | Reached XP level 4. HP: 30/30 MP: 1/8
  2017 | D:3      | Noticed Ijyb
  2019 | D:3      | Noticed an ogre
  2020 | D:3      | Noticed Terence
  2039 | D:3      | Reached XP level 5. HP: 28/35 MP: 6/10
  2054 | D:3      | Reached skill level 4 in Spellcasting
  2073 | D:3      | Paralysed by Ijyb for 6 turns
  2083 | D:2      | Paralysed by Ijyb for 7 turns
  2094 | D:2      | Paralysed by Ijyb for 4 turns
  2111 | D:2      | Killed Ijyb
  2716 | D:3      | Noticed Jessica
  2729 | D:3      | Killed Jessica
  2781 | D:3      | Killed Terence
  2781 | D:3      | Reached skill level 5 in Spellcasting
  2781 | D:3      | Reached XP level 6. HP: 32/41 MP: 0/13
  2788 | D:3      | Learned a level 3 spell: Conjure Flame
  2792 | D:3      | Learned a level 3 spell: Mephitic Cloud
  2906 | D:3      | Killed an ogre
  3051 | D:3      | Found a hide-covered altar of Uskayaw.
  3077 | D:3      | Found a bloodstained altar of Trog.
  3079 | D:3      | Found a basalt altar of Yredelemnul.
  3563 | D:4      | Noticed an ogre
  4270 | D:4      | Noticed a phantom
  4333 | D:4      | Killed a phantom
  4333 | D:4      | Reached XP level 7. HP: 37/46 MP: 1/14
  5222 | D:4      | Found an opulent altar of Gozag.
  5446 | D:5      | Entered Level 5 of the Dungeon
  5446 | D:5      | Found an ornate altar of the Wu Jian Council.
  5786 | D:5      | Reached skill level 1 in Fighting
  5786 | D:5      | Reached XP level 8. HP: 55/56 MP: 7/15
  6253 | D:6      | Found a shimmering altar of Xom.
  6309 | D:6      | Found a staircase to the Ecumenical Temple.
  6314 | Temple   | Entered the Ecumenical Temple
  6334 | Temple   | Became a worshipper of Sif Muna the Loreminder
  6390 | D:6      | Found a sand-covered staircase.
  6401 | Ossuary  | Entered an ossuary
  6422 | Ossuary  | HP: 1/57 [centaur zombie (3)]
  6458 | Ossuary  | Gained mutation: Your magical capacity is low. (-10% MP)
                  | [potion of mutation]
  6458 | Ossuary  | Gained mutation: Your spells are a little harder to cast,
                  | but a little more powerful. [potion of mutation]
  6458 | Ossuary  | Gained mutation: You expend magic power (3 MP) to
                  | strengthen your wands. [potion of mutation]
  6737 | D:6      | Found a glowing drain.
  6815 | Sewer    | Entered a sewer
  6959 | Sewer    | Lost mutation: Your spells are a little harder to cast, but
                  | a little more powerful. [potion of mutation]
  6959 | Sewer    | Lost mutation: Your magical capacity is low. (-10% MP)
                  | [potion of mutation]
  6959 | Sewer    | Lost mutation: You expend magic power (3 MP) to strengthen
                  | your wands. [potion of mutation]
  6959 | Sewer    | Gained mutation: You are weak. (Str -2) [potion of
                  | mutation]
  6959 | Sewer    | Gained mutation: You can translocate small distances at
                  | will. [potion of mutation]
  6970 | Sewer    | Reached * piety under Sif Muna
  8491 | D:6      | Reached skill level 6 in Spellcasting
  8874 | D:6      | Reached XP level 9. HP: 62/65 MP: 10/18
  8976 | D:6      | Reached skill level 7 in Spellcasting
  9809 | D:7      | Found a shattered altar of Ashenzari.
 10213 | D:7      | Reached skill level 8 in Spellcasting
 10651 | D:7      | Got a slimy lead amulet
 10673 | D:7      | Identified the amulet "Puuz" {Acrobat *Slow rC+ MP+9} (You
                  | found it on level 7 of the Dungeon)
 11165 | D:7      | Reached ** piety under Sif Muna
 11237 | D:8      | Reached skill level 5 in Conjurations
 11656 | D:8      | Found Sadwy's Jewellery Emporium.
 11676 | D:8      | Bought a cursed amulet of inaccuracy for 30 gold pieces
 11702 | D:8      | Noticed Maggie
 11720 | D:8      | Found a snail-covered altar of Cheibriados.
 11743 | D:8      | Killed Maggie
 11743 | D:8      | Reached skill level 5 in Dodging
 11924 | D:8      | Reached XP level 10. HP: 62/73 MP: 17/22
 11996 | D:8      | Found Etraimil's Jewellery Boutique.
 12012 | D:8      | Reached skill level 5 in Fighting
 12079 | D:8      | Noticed a two-headed ogre
 12100 | D:8      | Killed a two-headed ogre
 12358 | D:8      | Found Dujah's Distillery.
 12369 | D:8      | Bought a potion of flight for 42 gold pieces
 12369 | D:8      | Bought a potion of mutation for 112 gold pieces
 12369 | D:8      | Lost mutation: You are weak. (Str -2) [potion of mutation]
 12369 | D:8      | Lost mutation: You can translocate small distances at will.
                  | [potion of mutation]
 12369 | D:8      | Gained mutation: Your movements are slightly less
                  | encumbered by armour. (ER -2) [potion of mutation]
 12369 | D:8      | Gained mutation: You are clumsy. (Dex -2) [potion of
                  | mutation]
 12369 | D:8      | Gained mutation: You evolve. [potion of mutation]
 12442 | D:8      | Found Josil's Antique Weapon Emporium.
 12803 | D:9      | Noticed Prince Ribbit
 12925 | D:9      | Killed Prince Ribbit
 12925 | D:9      | Reached skill level 1 in Evocations
 13520 | D:9      | Found a staircase to the Lair.
 13633 | D:9      | Found a shimmering altar of Xom.
 13635 | D:9      | Noticed an angel
 13639 | D:9      | Found a glowing silver altar of Zin.
 13768 | D:9      | Noticed Maurice
 13790 | D:9      | Killed Maurice
 14273 | D:10     | Entered Level 10 of the Dungeon
 14323 | D:10     | Reached *** piety under Sif Muna
 14347 | D:10     | Found a flagged portal.
 14373 | Bailey   | Entered a bailey
 14459 | Bailey   | Gained mutation: You are frail. (-10% HP) [evolution]
 14563 | Bailey   | Reached skill level 5 in Invocations
 14642 | Bailey   | Identified 2 scrolls of acquirement
 14642 | Bailey   | Acquired an uncursed staff of conjuration
 14660 | Bailey   | Noticed an orc knight
 14670 | Bailey   | Reached skill level 1 in Staves
 14705 | Bailey   | Reached XP level 11. HP: 62/74 MP: 0/23
 14751 | Bailey   | Killed an orc knight
 14830 | Bailey   | Noticed an orc knight
 15021 | Bailey   | Noticed an orc knight
 15058 | D:10     | Acquired 3140 gold pieces
 15150 | D:8      | Bought the ring of Zuvocsam {+Inv rElec rF+ MP+9 Int+6} for
                  | 1162 gold pieces
 15362 | D:10     | Found Ekak's General Store.
 15399 | D:10     | Bought a potion of lignification for 45 gold pieces
 15422 | D:10     | Reached skill level 5 in Staves
 15509 | D:10     | Noticed a two-headed ogre
 15527 | D:10     | Killed a two-headed ogre
 15561 | D:10     | Learned a level 3 spell: Inner Flame
 15610 | D:10     | Found Tyiqibb's Armour Shop.
 15613 | D:10     | Found Jiaqajed's Magic Scroll Shop.
 15626 | D:10     | Bought a scroll of silence for 105 gold pieces
 15626 | D:10     | Bought a scroll of torment for 105 gold pieces
 15626 | D:10     | Bought a scroll of blinking for 105 gold pieces
 15626 | D:10     | Bought a scroll of holy word for 105 gold pieces
 15709 | D:10     | Reached skill level 5 in Translocations
 15896 | D:10     | Found a sacrificial altar of Ru.
 15914 | D:10     | Found Neleomim's Assorted Antiques.
 15923 | D:10     | Lost mutation: You are clumsy. (Dex -2) [potion of
                  | mutation]
 15923 | D:10     | Lost mutation: You are frail. (-10% HP) [potion of
                  | mutation]
 15923 | D:10     | Lost mutation: You evolve. [potion of mutation]
 15923 | D:10     | Gained mutation: Your body sometimes deteriorates upon
                  | taking damage. [potion of mutation]
 15923 | D:10     | Gained mutation: Your flesh is heat resistant. (rF+)
                  | [potion of mutation]
 15923 | D:10     | Gained mutation: You have a pair of small antennae on your
                  | head. [potion of mutation]
 15960 | D:10     | Found Kerphaf's Mass Market.
 16200 | D:10     | Reached **** piety under Sif Muna
 16338 | D:11     | Reached skill level 5 in Hexes
 16964 | D:11     | Noticed a red ugly thing
 17602 | D:11     | Reached XP level 12. HP: 70/90 MP: 19/24
 18013 | Lair:1   | Entered Level 1 of the Lair of Beasts
 18044 | Lair:1   | Found a dark tunnel.
 18099 | Volcano  | Entered a volcano
 18161 | Volcano  | Reached ***** piety under Sif Muna
 18787 | Volcano  | Identified Aseran's Volume of the Traveller (Sif Muna
                  | gifted it to you in a volcano)
 18787 | Volcano  | Received a gift from Sif Muna
 18824 | Volcano  | Learned a level 1 spell: Apportation
 18841 | Volcano  | Learned a level 4 spell: Iskenderun's Mystic Blast
 18860 | Volcano  | Noticed a stone giant
 18995 | Volcano  | Found a bloodstained altar of Trog.
 19021 | Volcano  | Killed a stone giant
 20388 | Lair:2   | Found a staircase to the Shoals.
 20402 | Lair:2   | Noticed a six-headed hydra
 20840 | Lair:2   | Killed a six-headed hydra
 21145 | Lair:2   | Reached skill level 9 in Spellcasting
 21283 | Lair:2   | Noticed Urug
 21466 | Lair:2   | You fall into a shaft and drop 2 floors!
 21754 | Lair:3   | Reached XP level 13. HP: 96/96 MP: 26/26
 21780 | Lair:3   | Acquired the +2 pair of gloves of Qusico Boad {*Corrode
                  | rPois rF++ Dex+4}
 22350 | Lair:3   | Reached skill level 10 in Spellcasting
 22760 | Lair:3   | Reached skill level 11 in Spellcasting
 23025 | Lair:3   | Reached XP level 14. HP: 103/103 MP: 29/29
 23825 | Lair:4   | Got an iridescent hunting sling
 23826 | Lair:4   | Identified the +4 hunting sling of Uncertain Death {vorpal,
                  | *Slow rF- Int+9 Stlth+} (You found it on level 4 of the
                  | Lair of Beasts)
 24005 | Lair:4   | Noticed Sonja
 24009 | Lair:4   | Killed Sonja
 24882 | Lair:4   | Reached skill level 12 in Spellcasting
 25166 | Lair:4   | Found a staircase to the Snake Pit.
 26761 | Lair:5   | Found a viscous altar of Jiyva.
 26762 | Lair:5   | Found a staircase to the Slime Pits.
 27324 | Lair:6   | Entered Level 6 of the Lair of Beasts
 28157 | Lair:6   | Reached skill level 5 in Evocations
 28201 | Lair:6   | Identified Sif Muna's Incunabulum of Clay and Stolen Souls
                  | (Sif Muna gifted it to you on level 6 of the Lair of
                  | Beasts)
 28201 | Lair:6   | Received a gift from Sif Muna
 28465 | Lair:6   | Reached XP level 15. HP: 73/108 MP: 17/31
 30457 | Lair:6   | Reached skill level 10 in Evocations
 30777 | D:11     | Reached skill level 1 in Fire Magic
 30916 | D:11     | Found a portal to a secret trove of treasure.
 31135 | D:11     | You paid a toll of 16 scrolls of teleportation to enter a
                  | treasure trove
 31136 | Trove    | Entered a treasure trove
 31166 | Trove    | Identified the Grimoire of Captivating Intoxication
 31168 | Trove    | Identified Piuxec's Reference Book on Flight and the
                  | Snowflakes
 31172 | Trove    | Identified Sif Muna's Volume of Mutagenic Arcane Weapons
 31240 | D:11     | Reached XP level 16. HP: 115/115 MP: 32/32
 31246 | D:11     | Learned a level 4 spell: Sticky Flame
 31583 | D:12     | Identified Lehudib's Catalogue of Battle Magic and the
                  | Mountains (Sif Muna gifted it to you on level 12 of the
                  | Dungeon)
 31583 | D:12     | Received a gift from Sif Muna
 31885 | D:12     | Found a gate leading to a gauntlet.
 31890 | Gauntlet | Entered a Gauntlet
 31890 | Gauntlet | Found a transporter.
 31890 | Gauntlet | Found a large runed translucent door.
 31890 | Gauntlet | Found a large runed translucent door.
 31890 | Gauntlet | Found a large runed translucent door.
 31890 | Gauntlet | Found a large runed translucent door.
 31890 | Gauntlet | Found a large runed translucent door.
 31890 | Gauntlet | Found a large runed translucent door.
 31890 | Gauntlet | Found a runed translucent door.
 31890 | Gauntlet | Found a runed translucent door.
 31890 | Gauntlet | Found a large runed translucent door.
 31890 | Gauntlet | Found a large runed translucent door.
 31890 | Gauntlet | Found a large runed translucent door.
 31890 | Gauntlet | Found a large runed translucent door.
 31890 | Gauntlet | Found a large runed translucent door.
 31890 | Gauntlet | Found a large runed translucent door.
 32083 | Gauntlet | Found a large runed translucent door.
 32083 | Gauntlet | Found a large runed translucent door.
 32083 | Gauntlet | Found a large runed translucent door.
 32083 | Gauntlet | Found a large runed translucent door.
 32091 | Gauntlet | Found a transporter.
 32093 | Gauntlet | Found a runed translucent gate.
 32093 | Gauntlet | Found a runed translucent gate.
 32094 | Gauntlet | Found a runed translucent gate.
 32095 | Gauntlet | Found a transporter.
 32095 | Gauntlet | Found a transporter.
 32098 | Gauntlet | Found a transporter.
 32099 | Gauntlet | Found a transporter.
 32108 | Gauntlet | Found a transporter.
 32116 | Gauntlet | Found a transporter.
 32175 | Gauntlet | Found a transporter.
 32176 | Gauntlet | Found a transporter.
 32180 | Gauntlet | Found a transporter.
 32190 | Gauntlet | Found a transporter.
 32242 | Gauntlet | Learned a level 6 spell: Starburst
 32247 | Gauntlet | Learned a level 4 spell: Airstrike
 32256 | Gauntlet | Reached skill level 1 in Air Magic
 32268 | Gauntlet | Identified the +5 pair of gloves "Tigeff" {+Blink} (You
                  | found it in a Gauntlet)
 32338 | Gauntlet | Identified the ring "Duon Zie" {rC- rCorr Str+4} (You found
                  | it in a Gauntlet)
 32534 | Gauntlet | Identified the +5 great sword "Ihouwu" {venom, rN+ Str+2}
 32562 | Gauntlet | Identified the +5 robe "Iprailuw" {Slay+3} (You found it in
                  | a Gauntlet)
 32565 | Gauntlet | Identified the cursed +0 pair of boots "Tuuxoech" {Str+2}
                  | (You found it in a Gauntlet)
 32575 | Gauntlet | Identified the +11 short sword of Chaos {vorpal, Str+4}
                  | (You found it in a Gauntlet)
 33054 | D:12     | Found Yxemnywn's Antique Armour Shoppe.
 33366 | D:12     | Found a staircase to the Orcish Mines.
 33864 | Orc:1    | Entered Level 1 of the Orcish Mines
 34157 | Orc:2    | Entered Level 2 of the Orcish Mines
 34338 | Orc:2    | Found Kewkim's Armour Shoppe.
 34378 | Orc:2    | Learned a level 3 spell: Stone Arrow
 34510 | Orc:2    | Found Disenee's Antique Armour Shop.
 34691 | Orc:2    | Found a staircase to the Elven Halls.
 34737 | Orc:2    | Reached skill level 5 in Air Magic
 34912 | Orc:2    | Paralysed by an orc sorcerer for 2 turns
 34918 | Orc:2    | Noticed Erolcha
 34919 | Orc:2    | Noticed Nergalle
 34928 | Orc:2    | Killed Nergalle
 34932 | Orc:2    | Paralysed by an orc sorcerer for 4 turns
 34938 | Orc:2    | Killed Erolcha
 35160 | Orc:2    | Found an ancient bone altar of Kikubaaqudgha.
 35164 | Orc:2    | Found Asadwafo's Antique Armour Boutique.
 35172 | Orc:2    | Bought a pair of embroidered boots for 277 gold pieces
 35179 | Orc:2    | Found a radiant altar of Vehumet.
 35204 | Orc:2    | Found Xaon's Book Shop.
 35424 | Orc:2    | Found a roughly hewn altar of Beogh.
 35431 | Orc:2    | Found Bonleuq's Distillery.
 35432 | Orc:2    | Found Ibuig's Antique Armour Boutique.
 35446 | Orc:2    | Bought a fine robe for 182 gold pieces
 35446 | Orc:2    | Bought a twisted robe for 182 gold pieces
 35446 | Orc:2    | Identified the cursed +1 robe of Intuition {*Corrode rElec
                  | rN++} (You bought it in a shop on level 2 of the Orcish
                  | Mines)
 35447 | Orc:2    | Identified the cursed +0 robe of Cescho {*Contam rF+ rC+
                  | MR++} (You bought it in a shop on level 2 of the Orcish
                  | Mines)
 35499 | Elf:1    | Entered Level 1 of the Elven Halls
 35506 | Elf:1    | Reached XP level 17. HP: 120/120 MP: 28/33
 35625 | Elf:1    | Reached skill level 13 in Spellcasting
 35950 | Elf:1    | Identified Runux's Volume of Summoning and Beguiling (Sif
                  | Muna gifted it to you on level 1 of the Elven Halls)
 35950 | Elf:1    | Received a gift from Sif Muna
 36242 | Elf:1    | HP: 5/120 [deep elf sorcerer/damnation (24)]
 36257 | Elf:1    | Killed from afar by a deep elf knight

Illustrated notes

Levels and vault maps discovered:
D:1:      minmay_arrival_semitransparent, layout_rooms,
          chequers_serial_rivers_large_b
D:2:      layout_rooms, fedhas_ov_isle_minmay, gammafunk_temple_overflow_pools
D:3:      layout_loops_ring, grunt_temple_overflow_open, minmay_quantized,
          uniq_jessica, uniq_ijyb, uniq_terence
D:4:      wad_river_or_something, layout_basic, grunt_gozag_statues
D:5:      lemuel_ice_spiral_2, layout_basic, basic_altar, fountainhead
D:6:      layout_loops_ring, minmay_temple_entry_nine_rooms,
          gup_sewer_entry_bowl, nicolae_ossuary_entry_giza, st_stairs_14,
          xom_teletrap_fun
D:7:      layout_loops_ring, basic_altar, corexii_checkpoint_a,
          minmay_misc_feat_diagonals
D:8:      layout_loops_ring, slow_altar_1, serial_shops,
          nicolae_shop_overgrown_old_shop, shop, shop, shop_fountains,
          uniq_maggie
D:9:      layout_long_grid, grunt_temple_overflow_order_and_chaos_1,
          erik_lair_orcish_takeover, serial_park_tiny_pond, uniq_maurice,
          uniq_prince_ribbit1
D:10:     layout_roguey, serial_shops, shop_fountains, shop,
          nicolae_shop_overgrown_old_shop, shop, enter_bailey_3,
          minmay_shop_mass, minmay_misc_feat_columns, nicolae_ru_awakened_eye
D:11:     layout_roguey, nicolae_trove_entry_path_of_doom, st_stairs_13
D:12:     layout_loops_corners, hiddenorc1_lemuel, serial_shops,
          kennysheep_mini, gauntlet_entry_generic, corexii_hall_statues_deadend
Temple:   minmay_temple_bridge_abc
Lair:1:   layout_small_grid, nicolae_volcano_entry_lava_flow
Lair:2:   layout_cave_pods, elwin_shoals_entry_rocks, uniq_urug
Lair:3:   layout_gridlike, minivault_26, minmay_lindwurm_lava
Lair:4:   layout_cave_pods, minmay_snake_entry_guardpost_small, nzn_random_ring,
          uniq_sonja
Lair:5:   layout_hall_layers, slime_altar_1, grunt_megastairs_2
Lair:6:   minmay_lair_end_enchanted_forest, layout_concentric_octagons,
          patterned_corridor
Orc:1:    layout_diamond_mine, uniq_jorgrun
Orc:2:    kennysheep_orc_mage_school, layout_caves, serial_shops, shop, shop,
          abandoned_shop, nicolae_orc_rockfall
Elf:1:    minmay_elf_arrival_plus, layout_geoelf_octagon, special_room
          [special_room_mythical_zoo], evilmike_minifort,
          einodemon_armed_red_devil_minivault

Skill      XL: |  1  2  3  4  5  6  7  8  9 10 11 12 13 14 15 16 17 |
---------------+----------------------------------------------------+-----
Conjurations   | 2 3 5 9 |  9.0
Hexes          | 1 3 5 6 |  6.3
Spellcasting   | 5 6 8 9 11 12 13 | 13.8
Summonings     | 3 4 |  4.8
Translocations | 2 3 5 6 |  6.3
Dodging        | 3 5 8 |  8.0
Fighting       | 1 4 7 |  7.2
Stealth        | 3 |  3.0
Evocations     | 3 6 10 | 10.0
Invocations    | 5 7 8 9 |  9.1
Staves         | 2 5 |  5.4
Fire Magic     | 6 7 |  7.6
Air Magic      | 5 |  5.0

Action                   |  1- 3 |  4- 6 |  7- 9 | 10-12 | 13-15 | 16-18 || total
-------------------------+-------+-------+-------+-------+-------+-------++-------
Melee: Dagger            |    32 |    92 |   416 |    86 |       |       ||   626
       Spear             |       |       |       |   514 |       |       ||   514
       Staff             |       |       |       |    41 |   194 |    44 ||   279
       Quarterstaff      |       |       |       |       |    14 |       ||    14
 Cast: Magic Dart        |    75 |    94 |   215 |   156 |   123 |    25 ||   688
       Call Imp          |     5 |    23 |    80 |    89 |    41 |       ||   238
       Slow              |       |     5 |    17 |    16 |     4 |     5 ||    47
       Blink             |       |     4 |    17 |    31 |    16 |     3 ||    71
       Conjure Flame     |       |     1 |    13 |    25 |     4 |     6 ||    49
       Mephitic Cloud    |       |       |    14 |    82 |    36 |     7 ||   139
       Inner Flame       |       |       |       |    13 |    31 |    21 ||    65
       Iskenderun's Myst |       |       |       |    25 |   221 |    80 ||   326
       Starburst         |       |       |       |       |       |    25 ||    25
       Sticky Flame      |       |       |       |       |       |    22 ||    22
       Stone Arrow       |       |       |       |       |       |    28 ||    28
       Airstrike         |       |       |       |       |       |    13 ||    13
Invok: Channel Magic     |       |       |       |       |     1 |     3 ||     4
 Abil: Evoke Flight      |       |       |     3 |       |     4 |       ||     7
Evoke: Wand              |       |       |       |     8 |       |     4 ||    12
  Use: Scroll            |     1 |     1 |    11 |     6 |     5 |     7 ||    31
       Potion            |       |     1 |    11 |     8 |     4 |     3 ||    27
 Stab: Distracted        |       |     2 |     4 |     3 |       |       ||     9
       Confused          |       |       |       |    21 |    11 |     1 ||    33
       Sleeping          |       |       |       |     1 |       |     1 ||     2
       Petrified         |       |       |       |       |     1 |       ||     1
Armor: Robe              |     7 |    38 |   143 |   107 |    74 |    31 ||   400
       Skin              |       |     1 |       |       |       |       ||     1
Dodge: Dodged            |    27 |    59 |   357 |   535 |   253 |    98 ||  1329

Table legend: (Time is in decaauts)
 A = Elapsed time spent in this place.
 B = Non-inter-level travel time spent in this place.
 C = Inter-level travel time spent in this place.
 D = Time resting spent in this place.
 E = Time spent auto-exploring this place.
 F = Levels seen in this place.
 G = Mean time per level.
                   A        B        C        D        E       F      G
               +--------+--------+--------+--------+--------+-----+--------+
         Total |  36525 |  33456 |   3069 |   9695 |  15955 |  28 | 1304.5 |
       Dungeon |  17984 |  16322 |   1662 |   3790 |   8858 |  12 | 1498.7 |
        Temple |     40 |     16 |     24 |      0 |      0 |   1 |   40.0 |
          Lair |  11501 |  10191 |   1310 |   3347 |   4971 |   6 | 1916.8 |
  Orcish Mines |   1634 |   1561 |     73 |    464 |    861 |   2 |  817.0 |
   Elven Halls |    757 |    757 |      0 |    512 |     80 |   1 |  757.0 |
         Trove |    100 |    100 |      0 |      0 |     56 |   1 |  100.0 |
         Sewer |   1496 |   1496 |      0 |    103 |    898 |   1 | 1496.0 |
       Ossuary |    143 |    143 |      0 |      0 |      0 |   1 |  143.0 |
        Bailey |    691 |    691 |      0 |    166 |     26 |   1 |  691.0 |
       Volcano |   1268 |   1268 |      0 |    738 |     35 |   1 | 1268.0 |
      Gauntlet |    908 |    908 |      0 |    575 |    169 |   1 |  908.0 |
               +--------+--------+--------+--------+--------+-----+--------+

Top non-repeatable levels by time:
  Lair:6: 2684 daAuts
  Lair:4: 2597 daAuts
    D:11: 2141 daAuts
  Lair:3: 1903 daAuts
     D:4: 1888 daAuts
     D:6: 1747 daAuts
     D:7: 1701 daAuts
     D:9: 1691 daAuts
     D:8: 1686 daAuts
     D:3: 1651 daAuts
  Lair:1: 1541 daAuts
   Sewer: 1496 daAuts
  Lair:5: 1470 daAuts
    D:12: 1344 daAuts
   Orc:2: 1341 daAuts
